 Dungeon Crawl Stone Soup version 0.23.1 (webtiles) character file.

Game seed: 6183955208900593057

54 doot the Vexing (level 4, 18/25 HPs)
             Began as a Kobold Arcane Marksman on Mar 17, 2019.
             Quit the game on level 3 of the Dungeon.
             The game lasted 00:03:26 (874 turns).

doot the Vexing (Kobold Arcane Marksman)             Turns: 874, Time: 00:03:27

Health: 18/25      AC:  2    Str:  8    XL:     4   Next: 12%
Magic:  6/6        EV: 15    Int: 14    God:
Gold:   51         SH:  0    Dex: 15    Spells: 3/6 levels left

rFire    . . .     SeeInvis .   (weapon restricted)
rCold    . . .     Gourm    .   (shield restricted)
rNeg     . . .     Faith    .   e - +0 robe
rPois    .         Spirit   .   (no helmet)
rElec    .         Reflect  .   (no cloak)
rCorr    .         Harm     .   (no gloves)
MR       .....                  (no boots)
Stlth    +.........             (no amulet)
HPRegen  0.08/turn              (no ring)
MPRegen  0.10/turn              (no ring)

@: no status effects
A: small, carnivore
a: no special abilities


You were on level 3 of the Dungeon.
You were not hungry.

You visited 1 branch of the dungeon, and saw 3 of its levels.

You collected 51 gold pieces.

Inventory:

Hand Weapons
 a - a +0 hand crossbow
Armour
 e - a +0 robe (worn)
Scrolls
 b - a scroll of teleportation {unknown}
 c - 2 scrolls of remove curse {unknown}
 g - 2 scrolls of enchant weapon {unknown}
 i - a scroll of magic mapping {unknown}
 j - a scroll of random uselessness {unknown}
Potions
 h - a potion of haste {unknown}
 k - a potion of might {unknown}
Comestibles
 f - 3 rations


   Skills:
 + Level 1.3 Fighting
 + Level 3.5 Crossbows
 + Level 2.7 Dodging
 + Level 1.8 Spellcasting
 + Level 3.5 Hexes


You had 3 spell levels left.
You knew the following spells:

 Your Spells              Type           Power        Failure   Level  Hunger
a - Corona                Hex            ##.....      5%          1    ##.....
b - Slow                  Hex            ##......     9%          2    ###....

Your spell library contained the following spells:

 Spells                   Type           Power        Failure   Level  Hunger
 Inner Flame              Hex/Fire       #.......     34%         3    ####...
 Portal Projectile        Hex/Tloc       #.....       34%         3    ####...
 Cause Fear               Hex            ##........   50%         4    #####..
 Leda's Liquefaction      Hex/Erth       #.........   75%         4    #####..


Dungeon Overview and Level Annotations

Branches:
Dungeon (3/15)

Altars:
Qazlal


Innate Abilities, Weirdness & Mutations

You are small and have problems with some larger weapons.
You are carnivorous and can eat meat at any time.


Message History

The jackal barely misses you.
The jackal bites you but does no damage.
The jackal misses you. The jackal closely misses you.
The jackal closely misses you. The jackal barely misses you.
The jackal completely misses you. The jackal closely misses you.
Found 10 gold pieces.
The jackal barely misses you. The jackal barely misses you.
The jackal closely misses you.
An adder comes into view.
The adder hisses angrily.
The jackal bites you.
You barely miss the adder. The adder bites you. The jackal barely misses you.
The jackal bites you.
Are you sure you want to abandon this character and quit the game? (Confirm with "yes".)
Okay, then.
Are you sure you want to abandon this character and quit the game? (Confirm with "yes".)

##'## ##...##
##.....## ##.......#
#.#......... ..
+......... .#
#.........
####.###.##.......#
#h@S.....###.....##
#h######## ##...##
###h#### ##'##
#......# #.#
#.#.##.# #.#
#.#.##.# ######.##
#.#....$###...###.##
#h####.##E#...#E#..#
#.# #..###...###.###


You could see an adder and 3 jackals.

Vanquished Creatures
  A gnoll (D:3)
  2 adders (D:3)
  2 dart slugs
  A leopard gecko (D:2)
  An orc (D:3)
  2 bats (D:2)
  A giant cockroach (D:1)
  3 goblins
  2 hobgoblins
  A jackal (D:3)
  A kobold (D:2)
  2 frilled lizards (D:3)
  2 rats
21 creatures vanquished.

Notes
Turn   | Place    | Note
-------+----------+-------------------------------------------
     0 | D:1      | doot the Kobold Arcane Marksman began the quest for the
                  | Orb.
     0 | D:1      | Reached XP level 1. HP: 12/12 MP: 2/2
    74 | D:1      | Reached XP level 2. HP: 16/16 MP: 0/3
   350 | D:3      | Reached XP level 3. HP: 20/20 MP: 3/5
   719 | D:3      | Found a stormy altar of Qazlal.
   721 | D:3      | Noticed a water elemental
   721 | D:3      | Noticed an air elemental
   722 | D:3      | Noticed a fire elemental
   722 | D:3      | Noticed an earth elemental
   760 | D:3      | Learned a level 2 spell: Slow
   819 | D:3      | Reached XP level 4. HP: 25/25 MP: 6/6
   874 | D:3      | Quit the game

Skill      XL: |  1  2  3 |
---------------+----------+-----
Crossbows      | 3 |  3.5
Fighting       | |  1.3
Dodging        | |  2.7
Spellcasting   | |  1.8
Hexes          | |  3.5

Action                   |  1- 3 |  4- 6 || total
-------------------------+-------+-------++-------
Melee: Unarmed           |     1 |     3 ||     4
 Fire: Hand crossbow     |    40 |     3 ||    43
 Cast: Corona            |    10 |       ||    10
  Eat: Chunk             |     1 |       ||     1
Armor: Robe              |     4 |     1 ||     5
Dodge: Dodged            |    21 |    22 ||    43
